General information
- name: BNet
- type: Ladder team game (AT/RT)
- host: Battle.net
- saver: timg4strok
map: Highperch
- players: 6
- length: 50:28
- speed: Fast
- version: 1.20 W3XP
- replay type:

» download(324 KB)
Players
team 1 (winner)
Mata. (
pink | 73 APM | 2822 actions | 38:51)
5 Pit Lord
3 Rain of Fire
2 Howl of Terror
1 Priestess of the Moon
1 Scout
1 Warden
1 Blink
» actions
| Assign group hotkey | 231 | |
| Basic commands | 7 | |
| Build / train | 77 | |
| ESC pressed | 1 | |
| Enter build submenu | 27 | |
| Enter hero's abilities submenu | 7 | |
| Remove unit from queue | 1 | |
| Right click | 1712 | |
| Select / deselect | 440 | |
| Select group hotkey | 202 | |
| Use ability | 117 | |
2822 total
» units
» upgrades
| Nature's Blessing | 1 | |
| Well Spring | 1 | |
| Abolish Magic | 1 | |
| Strength of the Wild | 3 | |
| Reinforced Hides | 3 | |
9 total
» buildings
| Moon Well | 13 | |
| Hunter's Hall | 1 | |
| Altar of Elders | 1 | |
| Ancient Protector | 2 | |
| Tree of Ages | 2 | |
| Ancient of Wonders | 1 | |
| Tree of Life | 1 | |
| Tree of Eternity | 3 | |
| Ancient of Lore | 3 | |
27 total
» build order
00:33 Moon Well
00:40 Hunter's Hall
01:31 Altar of Elders
01:49 Moon Well
03:48 Moon Well
03:49 Moon Well
04:20 Ancient Protector
04:20 Ancient Protector
05:04 Tree of Ages
05:12 Moon Well
05:14 Moon Well
05:58 Ancient of Wonders
07:16 Moon Well
07:18 Moon Well
08:02 Tree of Life
11:15 Tree of Eternity
11:15 Tree of Eternity
11:19 Moon Well
11:21 Moon Well
11:21 Moon Well
13:36 Moon Well
13:59 Ancient of Lore
13:59 Ancient of Lore
14:02 Ancient of Lore
30:50 Moon Well
» items
| Scroll of Speed | 2 | |
| Staff of Teleportation | 1 | |
| Boots of Speed | 1 | |
| Tiny Great Hall | 1 | |
| Lesser Clarity Potion | 2 | |
| Scroll of Town Portal | 1 | |
8 total
Sylink (
red | 91 APM | 4585 actions | 50:27)
8 Blademaster
3 Wind Walk
3 Critical Strike
1 Bladestorm
1 Mirror Image
» actions
| Assign group hotkey | 83 | |
| Basic commands | 35 | |
| Build / train | 49 | |
| ESC pressed | 2 | |
| Enter build submenu | 53 | |
| Enter hero's abilities submenu | 8 | |
| Right click | 2912 | |
| Select / deselect | 299 | |
| Select group hotkey | 988 | |
| Use ability | 156 | |
4585 total
» units
» upgrades
| Pillage | 1 | |
| Liquid Fire | 1 | |
| Ranged Weapons | 1 | |
| Spiked Barricades | 1 | |
4 total
» buildings
| Altar of Storms | 1 | |
| Orc Burrow | 5 | |
| War Mill | 1 | |
| Watch Tower | 33 | |
| Voodoo Lounge | 2 | |
| Stronghold | 1 | |
| Great Hall | 1 | |
| Beastiary | 3 | |
| Fortress | 1 | |
48 total
» build order
00:03 Altar of Storms
00:06 Orc Burrow
00:28 War Mill
01:51 Watch Tower
02:15 Watch Tower
03:04 Watch Tower
03:12 Watch Tower
03:38 Watch Tower
04:09 Watch Tower
04:16 Voodoo Lounge
04:21 Watch Tower
04:55 Watch Tower
05:01 Watch Tower
05:40 Watch Tower
06:09 Voodoo Lounge
06:47 Orc Burrow
07:21 Stronghold
07:30 Watch Tower
08:17 Watch Tower
08:34 Watch Tower
09:23 Watch Tower
09:40 Watch Tower
09:46 Great Hall
09:48 Beastiary
09:50 Beastiary
10:43 Watch Tower
10:52 Orc Burrow
11:16 Watch Tower
11:53 Fortress
11:58 Watch Tower
12:20 Watch Tower
12:35 Orc Burrow
13:17 Watch Tower
13:57 Watch Tower
14:54 Beastiary
15:23 Watch Tower
15:59 Watch Tower
17:05 Orc Burrow
18:36 Watch Tower
19:00 Watch Tower
19:53 Watch Tower
21:27 Watch Tower
21:28 Watch Tower
24:11 Watch Tower
24:13 Watch Tower
29:40 Watch Tower
33:44 Watch Tower
35:51 Watch Tower
» items
| Lesser Clarity Potion | 1 | |
| Orb of Lightning | 1 | |
| Boots of Speed | 1 | |
| Staff of Teleportation | 1 | |
| Potion of Lesser Invulnerability | 2 | |
| Periapt of Vitality | 1 | |
7 total
timg4strok (
green | 60 APM | 3004 actions | 50:28)
5 Blademaster
3 Wind Walk
2 Critical Strike
» actions
| Assign group hotkey | 22 | |
| Basic commands | 10 | |
| Build / train | 70 | |
| ESC pressed | 4 | |
| Enter build submenu | 108 | |
| Enter hero's abilities submenu | 5 | |
| Give item / drop item | 5 | |
| Right click | 1666 | |
| Select / deselect | 326 | |
| Select group hotkey | 577 | |
| Use ability | 211 | |
3004 total
» units
| Peon | 18 | |
| Troll Batrider | 18 | |
| Wisp | 5 | |
41 total
» upgrades
| Spiked Barricades | 1 | |
| Ranged Weapons | 3 | |
| Liquid Fire | 1 | |
| Reinforced Defenses | 1 | |
| Armor | 1 | |
7 total
» buildings
| Altar of Storms | 1 | |
| Orc Burrow | 7 | |
| War Mill | 2 | |
| Voodoo Lounge | 2 | |
| Watch Tower | 83 | |
| Stronghold | 1 | |
| Beastiary | 2 | |
| Fortress | 1 | |
| Barracks | 1 | |
| Moon Well | 3 | |
| Ancient Protector | 5 | |
108 total
» build order
00:33 Altar of Storms
00:37 Orc Burrow
00:59 War Mill
01:59 Voodoo Lounge
02:31 Watch Tower
03:01 Watch Tower
03:02 Watch Tower
03:05 Watch Tower
03:20 Orc Burrow
03:28 Orc Burrow
04:49 Stronghold
05:00 Watch Tower
05:01 Watch Tower
05:06 Watch Tower
05:11 Watch Tower
06:14 Watch Tower
06:14 Watch Tower
06:57 Watch Tower
07:02 Watch Tower
07:18 Watch Tower
07:22 Watch Tower
07:51 Beastiary
07:57 Beastiary
08:01 Orc Burrow
08:10 Orc Burrow
08:31 Watch Tower
08:59 Watch Tower
09:05 Watch Tower
09:23 Watch Tower
09:24 Watch Tower
09:51 Orc Burrow
11:26 Watch Tower
11:28 Watch Tower
11:33 Fortress
12:39 Orc Burrow
18:50 Watch Tower
19:06 Watch Tower
19:07 Watch Tower
24:39 Barracks
25:02 Voodoo Lounge
28:09 Watch Tower
28:10 Watch Tower
28:11 Watch Tower
28:12 Watch Tower
29:16 War Mill
29:21 Watch Tower
29:22 Watch Tower
29:32 Watch Tower
30:28 Watch Tower
30:37 Watch Tower
30:39 Watch Tower
30:42 Watch Tower
32:24 Watch Tower
32:26 Watch Tower
32:30 Watch Tower
32:51 Watch Tower
32:56 Watch Tower
32:58 Watch Tower
33:01 Watch Tower
33:56 Watch Tower
34:24 Watch Tower
34:31 Watch Tower
34:33 Watch Tower
36:25 Watch Tower
36:32 Watch Tower
36:33 Watch Tower
36:44 Watch Tower
36:58 Watch Tower
37:07 Watch Tower
37:30 Watch Tower
37:34 Watch Tower
37:42 Watch Tower
37:44 Watch Tower
37:51 Watch Tower
38:10 Watch Tower
39:24 Watch Tower
39:30 Watch Tower
39:31 Watch Tower
39:48 Watch Tower
39:49 Watch Tower
39:53 Watch Tower
40:43 Moon Well
41:12 Watch Tower
41:16 Watch Tower
41:17 Watch Tower
41:20 Watch Tower
41:52 Watch Tower
42:00 Watch Tower
42:04 Watch Tower
42:50 Watch Tower
42:58 Watch Tower
43:03 Watch Tower
43:04 Watch Tower
43:05 Watch Tower
43:17 Moon Well
43:21 Moon Well
43:25 Watch Tower
43:30 Watch Tower
45:16 Watch Tower
45:33 Watch Tower
45:36 Watch Tower
46:28 Watch Tower
46:37 Watch Tower
46:48 Ancient Protector
46:49 Ancient Protector
46:50 Ancient Protector
48:40 Ancient Protector
48:41 Ancient Protector
» items
| Healing Salve | 1 | |
| Lesser Clarity Potion | 5 | |
| Scroll of Speed | 1 | |
| Boots of Speed | 1 | |
| Orb of Lightning | 1 | |
| Tiny Great Hall | 1 | |
| Staff of Teleportation | 1 | |
| Scroll of Town Portal | 3 | |
14 total
team 2 (loser)
at_avec_2_noob (
purple | 84 APM | 4224 actions | 50:22)
4 Death Knight
2 Death Coil
2 Unholy Aura
» actions
| Assign group hotkey | 51 | |
| Basic commands | 291 | |
| Build / train | 92 | |
| ESC pressed | 14 | |
| Enter build submenu | 60 | |
| Enter hero's abilities submenu | 4 | |
| Give item / drop item | 1 | |
| Right click | 2061 | |
| Select / deselect | 982 | |
| Select group hotkey | 408 | |
| Use ability | 260 | |
4224 total
» units
| Acolyte | 17 | |
| Ghoul | 14 | |
| Frost Wyrm | 8 | |
| Crypt Fiend | 19 | |
58 total
» upgrades
| Freezing Breath | 1 | |
| Web | 1 | |
| Creature Carapace | 1 | |
| Creature Attack | 1 | |
| Burrow | 1 | |
5 total
» buildings
| Crypt | 2 | |
| Ziggurat | 29 | |
| Altar of Darkness | 2 | |
| Tomb of Relics | 1 | |
| Nerubian Tower | 3 | |
| Halls of the Dead | 2 | |
| Black Citadel | 2 | |
| Sacrificial Pit | 3 | |
| Graveyard | 1 | |
| Boneyard | 2 | |
| Necropolis | 4 | |
| Spirit Tower | 16 | |
67 total
» build order
00:08 Crypt
00:10 Ziggurat
00:35 Altar of Darkness
00:57 Ziggurat
01:19 Tomb of Relics
02:21 Nerubian Tower
02:51 Halls of the Dead
06:12 Black Citadel
06:38 Ziggurat
07:19 Sacrificial Pit
07:36 Graveyard
09:01 Boneyard
09:04 Boneyard
09:05 Ziggurat
11:45 Ziggurat
14:45 Ziggurat
14:45 Ziggurat
15:27 Crypt
15:46 Nerubian Tower
18:01 Necropolis
18:02 Spirit Tower
18:04 Spirit Tower
18:12 Spirit Tower
19:13 Ziggurat
20:21 Ziggurat
20:39 Spirit Tower
20:56 Necropolis
21:25 Spirit Tower
21:33 Necropolis
21:38 Spirit Tower
23:09 Ziggurat
23:10 Ziggurat
23:32 Ziggurat
23:32 Ziggurat
23:49 Necropolis
24:09 Ziggurat
24:10 Ziggurat
24:20 Spirit Tower
24:26 Spirit Tower
25:08 Ziggurat
25:09 Ziggurat
26:15 Ziggurat
26:16 Ziggurat
26:24 Spirit Tower
26:49 Spirit Tower
26:52 Spirit Tower
26:52 Nerubian Tower
27:29 Ziggurat
27:32 Spirit Tower
27:43 Ziggurat
27:45 Ziggurat
28:58 Spirit Tower
28:59 Spirit Tower
29:06 Ziggurat
29:08 Ziggurat
29:38 Ziggurat
30:17 Ziggurat
30:26 Halls of the Dead
31:30 Spirit Tower
31:32 Ziggurat
31:35 Ziggurat
31:38 Ziggurat
32:24 Spirit Tower
37:46 Altar of Darkness
43:56 Black Citadel
44:00 Sacrificial Pit
44:02 Sacrificial Pit
» items
BourruIsAwakned (
orange | 43 APM | 2091 actions | 48:46)
4 Blademaster
2 Wind Walk
2 Critical Strike
» actions
| Assign group hotkey | 15 | |
| Build / train | 59 | |
| Enter build submenu | 25 | |
| Enter hero's abilities submenu | 4 | |
| Give item / drop item | 1 | |
| Remove unit from queue | 2 | |
| Right click | 1274 | |
| Select / deselect | 397 | |
| Select group hotkey | 268 | |
| Use ability | 46 | |
2091 total
» units
| Peon | 8 | |
| Grunt | 5 | |
| Demolisher | 16 | |
| Tauren | 5 | |
| Shaman | 6 | |
40 total
» upgrades
» buildings
| Orc Burrow | 8 | |
| Altar of Storms | 1 | |
| Barracks | 1 | |
| Stronghold | 1 | |
| Voodoo Lounge | 1 | |
| War Mill | 1 | |
| Fortress | 1 | |
| Spirit Lodge | 1 | |
| Tauren Totem | 1 | |
| Watch Tower | 6 | |
22 total
» build order
00:05 Orc Burrow
00:07 Altar of Storms
00:27 Barracks
01:56 Orc Burrow
02:38 Stronghold
04:14 Voodoo Lounge
04:47 Orc Burrow
05:06 War Mill
05:20 Fortress
05:59 Orc Burrow
06:05 Spirit Lodge
08:21 Tauren Totem
09:51 Orc Burrow
12:24 Orc Burrow
13:18 Orc Burrow
14:21 Orc Burrow
17:42 Watch Tower
17:47 Watch Tower
18:56 Watch Tower
20:42 Watch Tower
20:45 Watch Tower
20:51 Watch Tower
» items
| Healing Salve | 1 | |
| Lesser Clarity Potion | 1 | |
| Scroll of Healing | 3 | |
| Scroll of Protection | 1 | |
| Scroll of Speed | 1 | |
7 total
HellKiller.TFT (
blue | 67 APM | 3378 actions | 50:26)
3 Priestess of the Moon
1 Trueshot Aura
2 Scout
3 Keeper of the Grove
2 Entangling Roots
1 Thorns Aura
» actions
| Assign group hotkey | 66 | |
| Build / train | 105 | |
| Enter build submenu | 41 | |
| Enter hero's abilities submenu | 7 | |
| Remove unit from queue | 19 | |
| Right click | 1645 | |
| Select / deselect | 516 | |
| Select group hotkey | 895 | |
| Use ability | 84 | |
3378 total
» units
| Wisp | 43 | |
| Archer | 7 | |
| Dryad | 5 | |
| Glaive Thrower | 2 | |
57 total
» upgrades
| Moon Armor | 3 | |
| Strength of the Moon | 3 | |
| Improved Bows | 1 | |
| Abolish Magic | 1 | |
| Well Spring | 1 | |
| Marksmanship | 1 | |
| Ultravision | 1 | |
| Strength of the Wild | 2 | |
| Reinforced Hides | 2 | |
| Vorpal Blades | 1 | |
16 total
» buildings
| Moon Well | 7 | |
| Altar of Elders | 1 | |
| Ancient of War | 2 | |
| Tree of Ages | 3 | |
| Hunter's Hall | 1 | |
| Tree of Life | 3 | |
| Ancient of Lore | 2 | |
| Tree of Eternity | 2 | |
| Ancient Protector | 16 | |
| Ancient of Wonders | 1 | |
38 total
» build order
00:07 Moon Well
00:10 Altar of Elders
00:31 Ancient of War
02:03 Moon Well
02:53 Ancient of War
03:56 Moon Well
05:00 Tree of Ages
05:04 Moon Well
05:19 Hunter's Hall
06:06 Moon Well
08:26 Tree of Life
08:52 Ancient of Lore
09:24 Ancient of Lore
10:34 Tree of Eternity
10:41 Moon Well
14:42 Ancient Protector
14:46 Ancient Protector
14:49 Ancient Protector
16:45 Moon Well
16:49 Ancient of Wonders
17:32 Tree of Life
18:04 Ancient Protector
18:07 Ancient Protector
18:11 Ancient Protector
18:20 Ancient Protector
23:40 Ancient Protector
23:44 Ancient Protector
23:48 Ancient Protector
25:09 Tree of Ages
25:41 Ancient Protector
25:47 Ancient Protector
27:37 Tree of Eternity
29:14 Tree of Life
29:35 Tree of Ages
29:57 Ancient Protector
30:35 Ancient Protector
30:43 Ancient Protector
31:28 Ancient Protector
37:03 Tree of Eternity
Chat log
(00:48 / Allies) Mata.: actual towers go higha
(00:51 / Allies) timg4strok: my base
(00:54 / Allies) timg4strok: is ova here
(01:02 / Allies) Mata.: my lovely lady base <;o)
(01:11 / Allies) timg4strok: i drive da fellas crzy
(01:21 / Allies) timg4strok: i do it all da daysey
(01:22 / Allies) Mata.: my base, my base my base my base
(02:37 / Allies) timg4strok: wood pls mata
(02:47 / Allies) Mata.: great
(02:49 / Allies) Mata.: your base is gone
(02:52 / Allies) Mata.: so is mine;
(02:57 / Allies) Mata.: use wells to defend
(02:59 / Allies) Sylink: timg no towers lol
(03:08 / Allies) Sylink: purpl eteching
(03:10 / All) HellKiller.TFT: wtf
(03:15 / Allies) Mata.: okay so kills im
(03:40 / Allies) Mata.: kill workaz please
(03:51 / Allies) Sylink: getting his mine make workers come to me
(04:00 / Allies) Mata.: more like make his dk come to you
(04:06 / Allies) Mata.: share timage
(04:30 / Allies) Mata.: still, share
(05:23 / Allies) Mata.: ff dk
(06:04 / Allies) Mata.: keks
(06:16 / Allies) Mata.: guessing purple has frostey
(06:23 / Allies) Sylink: no doub
(06:30 / Allies) Sylink: blue getting siege i bet
(06:41 / Allies) Sylink: i need wood
(06:58 / Allies) Sylink: archer
(07:07 / Allies) Sylink: wood
(07:08 / Allies) Sylink: mata
(07:21 / Allies) Sylink: ty
(07:24 / All) at_avec_2_noob: u gusy r gay
(07:29 / Allies) Mata.: you guys need gold for bats or some shit
(07:39 / Allies) Sylink: gotta tech 1st
(07:43 / Allies) timg4strok: exp
(07:49 / Allies) Mata.: get bats
(08:09 / Allies) Sylink: ...
(08:20 / Allies) Mata.: --*
(08:27 / Allies) Sylink: @_-
(08:43 / Allies) timg4strok: need level 3
(08:49 / Allies) Mata.: idc
(09:16 / Allies) timg4strok: need wood
(11:06 / All) Mata.: oh master of surround
(11:09 / All) Mata.: will you teach me your ways
(11:11 / All) at_avec_2_noob: LOL
(11:19 / All) at_avec_2_noob: 1v1 tower noob?
(11:21 / Allies) Sylink: wood plz
(11:27 / All) Mata.: how much $$$ for a lesson
(11:33 / All) at_avec_2_noob: LOl
(11:47 / Allies) Sylink: wood mata
(11:49 / Allies) Sylink: ty
(12:07 / Allies) Mata.: owl is out
(12:10 / Allies) Mata.: flee from tangle
(12:11 / Allies) Mata.: D:
(12:12 / Allies) Sylink: fuck that owl
(12:16 / Allies) Sylink: fuck it
(12:20 / Allies) Mata.: you were out of sight range
(12:24 / Allies) timg4strok: flee mothaufucka
(12:35 / Allies) Mata.: yeah run noob.....
(13:53 / Allies) timg4strok: get yads
(13:53 / Allies) timg4strok: mata
(13:57 / Allies) timg4strok: lots of em
(14:09 / Allies) Mata.: do they not have mass siege or something
(14:14 / Allies) timg4strok: wyrm
(14:14 / Allies) Sylink: no they are dumb
(14:15 / Allies) timg4strok: grunt
(14:16 / Allies) timg4strok: archer
(14:19 / Allies) Mata.: aite
(14:22 / Allies) Mata.: get fort arm
(14:25 / Allies) Mata.: bat it
(15:13 / Allies) Sylink: wood mata
(15:24 / Allies) Sylink: ty
(15:40 / Allies) Mata.: no more wood donations anymore sorry
(16:17 / Allies) Mata.: oh shhhhittt
(16:32 / Allies) Mata.: shades
(17:14 / Allies) Mata.: ring of prot3 on my pl
(17:17 / Allies) Mata.: if you guys need it
(17:22 / Allies) Mata.: you big boys :T
(17:25 / Allies) Sylink: cocks
(17:31 / Allies) timg4strok: got gold amata
(17:55 / Allies) Mata.: pretty close to 5 pitlord
(18:02 / Allies) timg4strok: do you need
(18:04 / Allies) timg4strok: tier 3
(18:05 / Allies) timg4strok: to make wyrm
(18:07 / Allies) timg4strok: if you have boneyar
(18:10 / Allies) Mata.: actually
(18:11 / Allies) Mata.: i'm not sure
(18:13 / Allies) Mata.: don't think so
(18:16 / Allies) timg4strok: i know tanks you need castle
(18:23 / Allies) timg4strok: i dont think so
(18:29 / Allies) timg4strok: with wyrm
(18:30 / Allies) Mata.: yeah id on't think you need t3 for wyrm
(18:33 / Allies) timg4strok: since one building is just for wyrm
(18:37 / Allies) Mata.: pretty sure you don't need
(18:40 / Allies) timg4strok: dang
(18:47 / Allies) Sylink: i need wood like a fag
(18:56 / Allies) Sylink: ty
(19:16 / Allies) Mata.: i got some dryad
(20:10 / Allies) timg4strok: shades everywhere
(20:12 / Allies) timg4strok: dang
(20:16 / Allies) Mata.: i know i know
(20:25 / Allies) timg4strok: 'can you get potm mata
(20:27 / Allies) timg4strok: just for owl
(20:39 / Allies) Mata.: fine i'll det 5 wisps when mine is done
(20:43 / Allies) Mata.: in 200 gold
(21:15 / Allies) Mata.: potm constructing
(21:31 / Allies) timg4strok: i wish we could tower that
(21:35 / Allies) Mata.: concoct it
(21:40 / Allies) Mata.: get us some exp
(21:44 / Allies) timg4strok: is there any physical way
(21:46 / Allies) Sylink: waste
(21:47 / Allies) timg4strok: to get a worker up there
(21:49 / Allies) Mata.: no way
(22:00 / Allies) Mata.: well like blink
(22:03 / Allies) Mata.: + tiny hall
(22:06 / Allies) Mata.: we might be able to
(22:10 / Allies) timg4strok: do it
(22:20 / Allies) Mata.: potm is out
(24:04 / Allies) Mata.: i very much doubt the mountainside is pathable
(24:06 / Allies) Mata.: there
(24:12 / Allies) Mata.: but if need be we can clear trees with siege mb
(24:13 / Allies) timg4strok: siege it
(24:14 / Allies) timg4strok: yah
(24:25 / Allies) Mata.: can one of you get siege or do i have to get and upgrade ballista
(24:34 / Allies) timg4strok: i got
(24:38 / Allies) Mata.: i mean i have no supply etc
(24:54 / Allies) Mata.: also you guys got t3 shop right
(24:58 / Allies) Sylink: yers
(25:37 / Allies) Mata.: hm
(25:38 / Allies) Mata.: okay
(26:43 / Allies) Mata.: i'll place a tinyhall
(26:45 / Allies) Mata.: then you guys tp to it
(26:47 / Allies) Mata.: and start towering
(26:54 / Allies) timg4strok: no
(26:56 / Allies) timg4strok: i got townhall
(26:58 / Allies) timg4strok: shit
(27:00 / Allies) timg4strok: ill take right
(27:06 / Allies) Mata.: how you getting there
(27:10 / Allies) timg4strok: you
(27:17 / Allies) Mata.: oh staffing
(27:17 / Allies) Mata.: right
(27:19 / Allies) Mata.: that is possible
(27:20 / Allies) Sylink: need to these expos
(27:27 / Allies) timg4strok: need gold
(27:41 / Allies) timg4strok: k
(27:41 / Allies) Sylink: lmao
(27:46 / Allies) timg4strok: work on right
(27:46 / Allies) timg4strok: pls
(27:57 / Allies) timg4strok: also gold
(28:10 / Allies) Mata.: nice timgu
(28:22 / Allies) Mata.: if we had aerial shackles
(28:24 / Allies) Mata.: this would be some gay shit
(28:29 / Allies) Mata.: they might not have enough money to rebuild frost anyway
(28:46 / Allies) Mata.: tim
(28:53 / Allies) timg4strok: wat
(29:02 / Allies) Mata.: you lost 2 dudes <:o)
(29:20 / Allies) Mata.: i'll eat trees
(29:23 / Allies) timg4strok: no
(29:23 / Allies) timg4strok: no
(29:27 / Allies) Mata.: fine
(29:28 / Allies) timg4strok: i need something for my guys to do
(29:39 / Allies) Mata.: make them patrol or some shit
(29:54 / Allies) Mata.: get ready to staff up here and place hall
(30:00 / Allies) Mata.: aight
(30:04 / Allies) timg4strok: haha
(30:41 / Allies) Mata.: gonna kill this retardenwarden now
(30:45 / Allies) Mata.: for sake of xp
(31:24 / Allies) Mata.: this is like the one map he ever played
(31:26 / Allies) Mata.: he left early though
(31:59 / Allies) Mata.: he has played it
(32:28 / Allies) Mata.: wisps
(32:49 / Allies) Mata.: he's losing suplpy
(33:10 / All) at_avec_2_noob: noob
(33:15 / All) Mata.: all hail lord of surroundia
(33:16 / All) at_avec_2_noob: surofn by fiend
(33:16 / Allies) Sylink: lool
(33:27 / Allies) Mata.: managed to surround a hero who had staff
(34:01 / Allies) Mata.: i still have 18 3/3 dryads collecting dust
(34:03 / Allies) timg4strok: stuck
(34:11 / Allies) Mata.: niceeee
(34:15 / Allies) Sylink: got storm
(34:16 / All) timg4strok: do you guys like towers
(34:20 / All) Sylink: towas
(34:24 / All) at_avec_2_noob: stfu noob
(34:45 / All) at_avec_2_noob: LOL
(34:53 / All) Sylink: gg
(35:05 / All) Sylink: gg you win
(35:28 / Allies) Mata.: see shade
(35:37 / Allies) Mata.: shade now dead
(36:20 / All) timg4strok: hope you guys have gold for air
(36:29 / All) Sylink: yes
(36:36 / All) timg4strok: lots of air
(36:38 / All) HellKiller.TFT: cool cool cool
(36:40 / All) timg4strok: check the fountains lmao
(36:43 / All) Sylink: yes
(36:54 / Allies) Mata.: man why would you say that before we have fountains up
(37:01 / Allies) timg4strok: tjhey are up
(37:04 / Allies) timg4strok: i have bats
(37:04 / Allies) Mata.: i mean 4 towers
(37:05 / Allies) Mata.: @_@
(37:11 / Allies) Sylink: 4 towers against nothing
(37:37 / Allies) Mata.: half a bar to doom
(37:52 / Allies) Mata.: want to go?
(37:53 / Allies) Mata.: i have many dryad
(37:56 / Allies) Mata.: with your blades we can do it
(38:03 / All) timg4strok: did you guys check
(38:51 / All) timg4strok: um you have no gold we each have like 6k
(38:52 / All) at_avec_2_noob: i aloen ahev 6 k
(38:54 / All) timg4strok: if we wanted to make an army we wouldve and stomped you scrubs half an hour ago
(39:17 / All) timg4strok: go south
(39:18 / All) timg4strok: sotuh
(39:37 / All) timg4strok: now check other one
(40:01 / All) timg4strok: see noobs you about to lose
(40:12 / All) Sylink: batz n towas
(40:19 / All) Sylink: all u need
(41:29 / All) timg4strok: lmao
(41:42 / All) at_avec_2_noob: tfu lol i controL EVRYTHIGN ON MY TEAM
(42:29 / All) Sylink: bm against fiends
(42:30 / All) Sylink: fiends lose
(43:11 / All) timg4strok: sorry boys
(45:24 / All) timg4strok: you guys havent addressed the fountain issue yet
(45:30 / All) timg4strok: wasting gold on fiends isnt a good idea
(45:38 / All) at_avec_2_noob: u gusy r otu also stfu
(45:52 / All) timg4strok: we have 12k combined gold :(
(45:57 / All) at_avec_2_noob: we care?>
(46:03 / All) at_avec_2_noob: this game gan take hours
(46:05 / All) at_avec_2_noob: u guys suk
(46:06 / All) timg4strok: im just sayin
(46:09 / All) timg4strok: lmao
(46:15 / All) timg4strok: and you lost hows it feel
(46:47 / Allies) Sylink: laffff
(47:07 / All) Sylink: 350 gold on tp hope you got ten bux
(47:23 / All) at_avec_2_noob: nexttime tip
(47:28 / All) at_avec_2_noob: dioth is with hu gogn mors
(47:34 / All) timg4strok: what does that mean
(47:45 / All) at_avec_2_noob: do srat with hu goign morts
(47:50 / All) at_avec_2_noob: its wat i do
(47:55 / All) timg4strok: and you're terrible lmao
(47:56 / All) Sylink: english
(47:57 / All) at_avec_2_noob: dual bm bats moprts aoe
(47:58 / All) Sylink: please
(47:58 / All) at_avec_2_noob: rapes all
(48:04 / All) at_avec_2_noob: 1v1?
(48:10 / All) Sylink: i cant understand what you are saying
(48:11 / All) at_avec_2_noob: im with 2 usy whov played 18 gaem total
(48:12 / All) timg4strok: dont 1v1 noobs i just owned ??
(48:17 / All) at_avec_2_noob: im doign everythign so stfu
(48:25 / All) timg4strok: doing everything bad lmao
(48:51 / All) timg4strok: oh come on
(48:56 / All) Sylink: gg noob
(48:57 / All) timg4strok: dont leave yet